 Dungeon Crawl Stone Soup version 0.23.0-3-gf3c87f2 (webtiles) character file.

Game seed: 3995978579670057863

82264 Jaiteiro the Severer (level 15, 0/132 HPs)
             Began as a Minotaur Fighter on Feb 22, 2019.
             Was the Champion of Makhleb.
             Slain by a tarantella (12 damage)
             ... on level 3 of the Spider Nest.
             The game lasted 01:46:09 (21726 turns).

Jaiteiro the Severer (Minotaur Fighter)            Turns: 21726, Time: 01:46:17

Health: 0/132      AC: 20    Str: 28    XL:     15   Next: 29%
Magic:  21/21      EV: 11    Int:  5    God:    Makhleb [******]
Gold:   1344       SH: 13    Dex:  9    Spells: 14/14 levels left

rFire    . . .     SeeInvis .   a - +0 war axe (venom)
rCold    + + +     Gourm    +   i - +0 shield
rNeg     + + .     Faith    .   j - +1 chain mail {rN+}
rPois    +         Spirit   .   (helmet restricted)
rElec    .         Reflect  .   Y - +2 cloak {+Inv}
rCorr    +         Harm     .   W - +0 pair of gloves "Ucaasoi" {*Drain rPois rC+++ rN+}
MR       ++...                  D - +0 pair of boots
Stlth    ..........             V - amulet of the gourmand
HPRegen  0.32/turn              s - ring of protection from magic
MPRegen  0.17/turn              J - ring of resist corrosion

@: lethally poisoned (0 -> -21)
A: retaliatory headbutt, horns 2
a: Minor Destruction, Lesser Servant of Makhleb, Major Destruction, Greater
Servant of Makhleb, Renounce Religion, Evoke Invisibility


You were on level 3 of the Spider Nest.
You worshipped Makhleb.
Makhleb was exalted by your worship.
You were very full.

You visited 4 branches of the dungeon, and saw 21 of its levels.
You also visited: Ossuary.

You collected 1344 gold pieces.

Inventory:

Hand Weapons
 a - a +0 war axe of venom (weapon)
 b - a +2 trident of freezing
 e - a +5 hunting sling of flaming
 N - a +4 flail of freezing
Missiles
 c - 585 stones (quivered)
 d - 23 tomahawks
 n - 7 javelins
 p - 2 throwing nets
 y - 183 sling bullets
Armour
 i - a +0 shield (worn)
 j - a +1 chain mail of positive energy (worn)
 D - a +0 pair of boots (worn)
 W - the +0 pair of gloves "Ucaasoi" (worn) {*Drain rPois rC+++ rN+}
   (You found it on level 4 of the Lair of Beasts)

   It renders you almost immune to cold.
   It protects you from poison.
   It protects you from negative energy.
   It causes draining when unequipped.
 Y - a +2 cloak of invisibility (worn)
Jewellery
 s - a ring of protection from magic (left hand)
 w - an uncursed ring of see invisible
 C - an uncursed amulet of harm {unknown}
 J - a ring of resist corrosion (right hand)
 P - an uncursed ring of protection from fire
 V - an amulet of the gourmand (around neck)
Wands
 o - a wand of polymorph (5)
 q - a wand of paralysis (13)
 v - a wand of iceblast (26)
 A - a wand of disintegration (13)
 K - a wand of flame (11)
 S - a wand of digging (4)
 U - a wand of acid (12)
Scrolls
 g - 6 scrolls of enchant weapon
 h - 6 scrolls of magic mapping
 k - 5 scrolls of enchant armour
 m - 5 scrolls of blinking
 t - 8 scrolls of teleportation
 u - 4 scrolls of identify
 x - 3 scrolls of remove curse
 B - a scroll of torment {unknown}
 E - 3 scrolls of fear
 H - 5 scrolls of fog
 L - a scroll of random uselessness {unknown}
 M - a scroll of noise {unknown}
Potions
 l - 4 potions of curing
 r - 3 potions of might
 z - 2 potions of invisibility
 F - 3 potions of lignification
 G - a potion of cancellation
 I - 3 potions of haste
 O - a potion of mutation {unknown}
 Q - 2 potions of agility
 T - 3 potions of ambrosia
 X - 2 potions of flight
Comestibles
 f - 43 rations


   Skills:
 + Level 11.9 Fighting
 * Level 17.6 Axes
 * Level 3.0 Slings
 + Level 12.3 Armour
 + Level 5.2 Dodging
 + Level 12.9 Shields
 * Level 10.0 Invocations
 * Level 9.1 Evocations


You had 14 spell levels left.
You didn't know any spells.
Your spell library contained the following spells:

 Spells                   Type           Power        Failure   Level  Hunger
 Animate Skeleton         Necr           N/A          95%         1    ##.....
 Apportation              Tloc           #.....       95%         1    ##.....
 Confusing Touch          Hex            #.....       95%         1    ##.....
 Magic Dart               Conj           #...         95%         1    ##.....
 Summon Small Mammal      Summ           #...         95%         1    ##.....
 Blink                    Tloc           N/A          99%         2    ###....
 Call Imp                 Summ           #.......     99%         2    ###....
 Slow                     Hex            #.......     99%         2    ###....
 Call Canine Familiar     Summ           #.......     100%        3    ####...
 Conjure Flame            Conj/Fire      #.......     100%        3    ####...
 Mephitic Cloud           Conj/Pois/Air  #.......     100%        3    ####...
 Summon Guardian Golem    Hex/Summ       #.......     100%        3    ####...
 Cause Fear               Hex            #.........   100%        4    #####..
 Summon Ice Beast         Ice/Summ       #.......     100%        4    #####..
 Summon Lightning Spire   Summ/Air       #.......     100%        4    #####..
 Silence                  Hex/Air        #.........   100%        5    ######.
 Yara's Violent Unravell  Hex/Tmut       #.........   100%        5    ######.
 Deflect Missiles         Chrm/Air       #.........   100%        6    #######
 Discord                  Hex            #.........   100%        8    #######


Dungeon Overview and Level Annotations

Branches:
Dungeon (11/15)            Temple (1/1) D:5            Lair (6/6) D:11
  Swamp (0/4) Lair:2       Spider (3/4) Lair:3        Slime (0/5) Lair:6
    Orc (0/2) D:11

Altars:
Ashenzari
Cheibriados
Dithmenos
Elyvilon
Fedhas
Gozag
Hepliaklqana
Kikubaaqudgha
Makhleb
Nemelex Xobeh
Okawaru
Qazlal
Ru
Sif Muna
Trog
Uskayaw
Vehumet
Wu Jian
Xom
Yredelemnul
Zin
The Shining One
Beogh
Jiyva

Shops:
D:10 *

Annotations:
D:11 3 runed translucent doors, Swamplord's ghost, journeyman MiFi
Lair:5 3 runed translucent doors, skk's ghost, journeyman FoFi
Spider:3 Arachne


Innate Abilities, Weirdness & Mutations

You reflexively headbutt those who attack you in melee.
You have a pair of horns on your head.


Message History

The demonic crawler hits you.
* * * LOW HITPOINT WARNING * * *
The demonic crawler hits you.
* * * LOW HITPOINT WARNING * * *
The demonic crawler closely misses you.
The tarantella bites you but does no damage.
The redback bites you but does no damage.
The jumping spider leaps!
The redback bites you!
* * * LOW HITPOINT WARNING * * *
The tarantella bites you.
* * * LOW HITPOINT WARNING * * *
You are more confused.
Your magical effects are unravelling.
You feel magically purged.
You feel less confused.
* * * LOW HITPOINT WARNING * * *
You feel very sick.
The jumping spider pounces on you but does no damage.
You block the jumping spider's attack. The tarantella bites you!
You die...

..............
.............
H....^......
#.......^...
#s......^...
##.ssy°....#
#...sss....#
#..ss@ss..#
#....sssss###
......°sssss#
......sssssss..
......ss...ss#.
.........°.ss^.
.......ss=.s.s#
....^..........


You could see Arachne, 2 emperor scorpions, 5 demonic crawlers, a wolf spider, 2
orb spiders, a hornet, 5 jumping spiders, 10 tarantellas and 12 redbacks.

Vanquished Creatures
  2 emperor scorpions
  An entropy weaver (Spider:2)
  A dire elephant (Lair:6)
  The ghost of DevastatorOne the Cleaver, a journeyman HOMo of Qazlal (Lair:4)
  4 hydras
  Erica (Lair:1)
  A merfolk avatar (Lair:6)
  3 two-headed ogres
  Urug (Lair:1)
  8 death yaks (Lair:6)
  Nergalle (D:10)
  Sonja (Lair:1)
  A sea snake (Lair:6)
  9 wolf spiders
  Pikel (D:8)
  2 orb spiders
  4 oklob plants (Lair:4)
  18 elephants
  3 moths of wrath
  Maurice (D:11)
  A centaur zombie (D:11)
  Joseph (D:7)
  The ghost of p0werm0de the Skirmisher, a novice DsWn of Cheibriados (D:7)
  A gargoyle (D:9)
  6 black mambas
  16 spiny frogs
  3 rime drakes (Lair:6)
  14 komodo dragons
  8 demonic crawlers
  15 jumping spiders
  3 polar bears (Lair:6)
  A wind drake (Lair:6)
  7 hippogriffs
  2 bog bodies (Lair:2)
  8 blink frogs (Lair:6)
  3 hornets
  Sigmund (D:3)
  28 redbacks
  13 tarantellas
  5 wyverns
  Grum (D:8)
  69 yaks
  3 basilisks
  Menkaure (D:7)
  2 swamp worms (Lair:2)
  2 acid dragons (D:11)
  6 porcupines
  4 slaves (D:8)
  13 water moccasins
  6 ice beasts
  2 hornet zombies
  7 orc warriors
  An eye of draining (D:11)
  A black bear (Lair:2)
  2 sky beasts
  13 wolves
  5 ogres
  6 phantoms
  11 crocodiles
  9 centaurs
  2 big kobolds (D:9)
  8 bullfrogs
  5 water moccasin zombies (Ossuary)
  2 scorpions
  4 killer bees (D:8)
  9 wights
  An electric eel (Lair:2)
  6 crimson imps
  3 bullfrog zombies
  4 jellies
  3 hounds
  6 orc priests
  A gnoll shaman (D:5)
  6 orc wizards
  A centaur skeleton (D:8)
  A hell rat (D:7)
  10 worker ants
  3 iguanas
  A big kobold zombie (Ossuary)
  3 mummies
  A hound skeleton (D:7)
  2 worker ant zombies
  13 adders
  13 gnolls
  A howler monkey skeleton (D:9)
  9 river rats (D:7)
  3 shadow imps
  2 oozes
  A worm zombie (D:7)
  2 adder skeletons
  7 adder zombies (Ossuary)
  3 worms
  A dart slug (D:4)
  6 leopard geckos
  45 orcs
  4 ball pythons
  5 bats
  7 giant cockroaches
  2 gnoll zombies (Ossuary)
  7 goblins
  5 hobgoblins
  13 jackals
  9 quokkas
  3 frilled lizards
  2 giant cockroach zombies
  6 hobgoblin zombies (Ossuary)
  10 kobolds
  2 kobold zombies (Ossuary)
  A leopard gecko zombie (D:7)
  9 orc zombies (Ossuary)
  26 rats
  A bush (Lair:5)
  2 fungi
667 creatures vanquished.

Vanquished Creatures (others)
  A tarantella (Spider:2)
  10 fungi
  13 plants
24 creatures vanquished.

Grand Total: 691 creatures vanquished

Notes
Turn   | Place    | Note
-------+----------+-------------------------------------------
     0 | D:1      | Jaiteiro the Minotaur Fighter began the quest for the Orb.
     0 | D:1      | Reached XP level 1. HP: 19/19 MP: 0/0
    75 | D:1      | Reached XP level 2. HP: 27/27 MP: 1/1
   253 | D:1      | Reached skill level 3 in Axes
   279 | D:1      | You fall through a shaft!
   332 | D:2      | Reached XP level 3. HP: 33/33 MP: 2/2
   965 | D:2      | Found a white marble altar of Elyvilon.
   999 | D:2      | Reached XP level 4. HP: 29/40 MP: 3/3
  1013 | D:2      | Found an iron altar of Okawaru.
  1207 | D:2      | Reached skill level 4 in Axes
  1499 | D:3      | Noticed Sigmund
  1529 | D:3      | Killed Sigmund
  1529 | D:3      | Reached skill level 5 in Axes
  1529 | D:3      | Reached skill level 1 in Dodging
  1529 | D:3      | Reached XP level 5. HP: 10/47 MP: 1/4
  1529 | D:3      | Reached XP level 6. HP: 11/53 MP: 1/5
  2283 | D:4      | Reached skill level 5 in Armour
  2379 | D:4      | Reached skill level 6 in Axes
  2848 | D:5      | Entered Level 5 of the Dungeon
  2856 | D:5      | Found a shimmering altar of Xom.
  2876 | D:5      | Noticed an ice beast
  2884 | D:5      | Killed an ice beast
  2884 | D:5      | Reached skill level 7 in Axes
  2884 | D:5      | Reached XP level 7. HP: 33/60 MP: 6/6
  3127 | D:5      | Found a radiant altar of Vehumet.
  3241 | D:5      | Reached skill level 8 in Axes
  3241 | D:5      | Reached skill level 5 in Shields
  3734 | D:5      | Found a staircase to the Ecumenical Temple.
  3745 | Temple   | Entered the Ecumenical Temple
  3841 | D:5      | Found a burning altar of Makhleb.
  3843 | D:5      | Found a snail-covered altar of Cheibriados.
  3850 | D:5      | Became a worshipper of Makhleb the Destroyer
  4149 | D:6      | Reached skill level 5 in Fighting
  4149 | D:6      | Reached XP level 8. HP: 62/68 MP: 7/7
  4196 | D:6      | Reached skill level 9 in Axes
  4308 | D:6      | Noticed a hippogriff
  4322 | D:6      | Killed a hippogriff
  4447 | D:6      | Reached * piety under Makhleb
  4517 | D:6      | Got an ichor-stained great sword
  4518 | D:6      | Identified the +9 great sword of Eternity {antimagic,
                  | Str+3} (You found it on level 6 of the Dungeon)
  5057 | D:6      | Reached skill level 10 in Axes
  5057 | D:6      | Reached skill level 1 in Evocations
  5137 | D:6      | Reached skill level 1 in Invocations
  5180 | D:7      | Noticed Menkaure
  5191 | D:7      | Killed Menkaure
  5278 | D:7      | Found a large runed translucent door.
  5278 | D:7      | Found a large runed translucent door.
  5290 | D:7      | Found a sand-covered staircase.
  5302 | Ossuary  | Entered an ossuary
  5331 | Ossuary  | Reached XP level 9. HP: 75/75 MP: 9/9
  5378 | Ossuary  | Reached ** piety under Makhleb
  5591 | D:7      | Noticed p0werm0de's ghost (novice DsWn)
  5987 | D:7      | Reached *** piety under Makhleb
  6135 | D:7      | Noticed Joseph
  6152 | D:7      | Killed Joseph
  6550 | D:8      | Noticed Pikel
  6557 | D:8      | Found a stormy altar of Qazlal.
  6608 | D:8      | Killed Pikel
  6608 | D:8      | Reached **** piety under Makhleb
  6608 | D:8      | Reached skill level 11 in Axes
  6608 | D:8      | Reached XP level 10. HP: 38/84 MP: 11/11
  6818 | D:8      | Found a glowing silver altar of Zin.
  6907 | D:8      | Found a snail-covered altar of Cheibriados.
  7264 | D:8      | Noticed Grum
  7286 | D:8      | Killed Grum
  7484 | D:8      | Found a shadowy altar of Dithmenos.
  7793 | D:9      | Noticed a two-headed ogre
  7806 | D:9      | Killed a two-headed ogre
  8451 | D:9      | Found an opulent altar of Gozag.
  8479 | D:9      | Reached ***** piety under Makhleb
  8524 | D:9      | Noticed a gargoyle
  8533 | D:9      | Reached XP level 11. HP: 94/94 MP: 13/13
  8675 | D:10     | Entered Level 10 of the Dungeon
  8675 | D:10     | Noticed a two-headed ogre
  8684 | D:10     | Killed a two-headed ogre
  8684 | D:10     | Reached skill level 5 in Invocations
  8879 | D:10     | Noticed Nergalle
  8885 | D:10     | Noticed a spectral orc warlord
  8892 | D:10     | Noticed a spectral orc warlord
  8900 | D:10     | HP: 4/95 [Nergalle/bolt of negative energy (16)]
  8902 | D:10     | Killed Nergalle
  8902 | D:10     | Reached skill level 12 in Axes
  9293 | D:10     | Reached skill level 5 in Evocations
  9512 | D:10     | Reached skill level 13 in Axes
  9526 | D:10     | Found Oxkaemer's Assorted Antiques.
 10003 | D:11     | Reached skill level 10 in Armour
 10113 | D:11     | Noticed Maurice
 10132 | D:11     | Reached ****** piety under Makhleb
 10166 | D:11     | Killed Maurice
 10166 | D:11     | Reached skill level 10 in Shields
 10166 | D:11     | Reached XP level 12. HP: 32/103 MP: 15/15
 10172 | D:11     | Found a staircase to the Orcish Mines.
 10752 | D:11     | Found a staircase to the Lair.
 10905 | D:11     | Noticed a two-headed ogre
 10911 | D:11     | Killed a two-headed ogre
 11009 | D:11     | Found a deep blue altar of Sif Muna.
 11152 | D:11     | Identified the +8 war axe of Otys {speed, rPois rN+ Int-2
                  | Dex+2}
 11152 | D:11     | Identified the +7 chain mail of Surprise {Str+6}
 11153 | D:11     | Found a runed translucent gate.
 11153 | D:11     | Found a runed translucent gate.
 11153 | D:11     | Found a runed translucent gate.
 11154 | D:11     | Noticed Swamplord's ghost (journeyman MiFi)
 11157 | D:11     | Found a roughly hewn altar of Beogh.
 11356 | D:7      | Killed p0werm0de's ghost
 11616 | Lair:1   | Entered Level 1 of the Lair of Beasts
 11616 | Lair:1   | Noticed Urug
 11638 | Lair:1   | Killed Urug
 11956 | Lair:1   | Reached skill level 14 in Axes
 12157 | Lair:1   | Noticed Erica
 12178 | Lair:1   | Killed Erica
 12295 | Lair:1   | Noticed Sonja
 12315 | Lair:1   | Killed Sonja
 12961 | Lair:1   | Noticed a five-headed hydra
 12969 | Lair:1   | Killed a five-headed hydra
 13654 | Lair:2   | Reached XP level 13. HP: 92/112 MP: 17/17
 13797 | Lair:2   | Found a staircase to the Swamp.
 14425 | Lair:3   | Reached skill level 15 in Axes
 15075 | Lair:3   | Reached skill level 10 in Fighting
 15091 | Lair:3   | Found a hole to the Spider Nest.
 15463 | Lair:4   | Found a transporter.
 15466 | Lair:4   | Noticed DevastatorOne's ghost (journeyman HOMo)
 16668 | Lair:4   | Found a transporter.
 16696 | Lair:4   | Killed DevastatorOne's ghost
 16702 | Lair:4   | Got a pair of translucent gloves
 16730 | Lair:4   | Identified the +0 pair of gloves "Ucaasoi" {*Drain rPois
                  | rC+++ rN+} (You found it on level 4 of the Lair of Beasts)
 16847 | Lair:5   | Found a runed translucent gate.
 16848 | Lair:5   | Noticed skk's ghost (journeyman FoFi)
 16849 | Lair:5   | Found a runed translucent gate.
 16849 | Lair:5   | Found a runed translucent gate.
 16859 | Lair:5   | Reached skill level 16 in Axes
 17674 | Lair:5   | Got a warped leather armour
 17685 | Lair:5   | Identified the +0 leather armour of Amorality {+Fly rPois
                  | rC-} (You found it on level 5 of the Lair of Beasts)
 17722 | Lair:6   | Entered Level 6 of the Lair of Beasts
 17872 | Lair:6   | Reached XP level 14. HP: 114/122 MP: 19/19
 18419 | Lair:6   | Reached skill level 5 in Dodging
 18672 | Lair:6   | Reached skill level 17 in Axes
 18727 | Lair:6   | Found a viscous altar of Jiyva.
 18728 | Lair:6   | Found a runed translucent door.
 18734 | Lair:6   | Found a staircase to the Slime Pits.
 19192 | Spider:1 | Entered Level 1 of the Spider Nest
 19328 | Spider:1 | Reached skill level 1 in Slings
 19512 | Spider:1 | Noticed an emperor scorpion
 19538 | Spider:1 | Killed an emperor scorpion
 19631 | Spider:1 | Reached XP level 15. HP: 86/130 MP: 21/21
 21447 | Spider:3 | Noticed Arachne
 21463 | Spider:2 | Reached skill level 10 in Invocations
 21726 | Spider:3 | Slain by a tarantella

Skill      XL: |  1  2  3  4  5  6  7  8  9 10 11 12 13 14 15 |
---------------+----------------------------------------------+-----
Fighting       | 4 5 6 8 9 10 11 | 11.9
Axes           | 3 5 7 8 10 11 13 14 16 17 | 17.6
Armour         | 4 5 6 7 9 10 11 12 | 12.3
Shields        | 4 5 6 7 9 10 11 12 | 12.9
Dodging        | 1 2 3 4 5 |  5.2
Evocations     | 1 3 4 5 6 7 8 9 |  9.1
Invocations    | 1 3 4 6 7 8 9 10 | 10.0
Slings         | 2 3 |  3.0

Action                   |  1- 3 |  4- 6 |  7- 9 | 10-12 | 13-15 || total
-------------------------+-------+-------+-------+-------+-------++-------
Melee: War axe           |   106 |   140 |   148 |   572 |   770 ||  1736
       Headbutt          |    14 |    20 |    88 |   185 |   223 ||   530
       Trident           |       |       |   356 |   176 |    24 ||   556
       Flail             |       |       |       |     5 |    52 ||    57
 Fire: Hunting sling     |       |       |       |       |     3 ||     3
Throw: Stone             |       |    12 |       |     4 |       ||    16
Evoke: Wand              |       |       |       |     1 |     5 ||     6
  Use: Scroll            |       |       |    13 |     7 |     7 ||    27
       Potion            |       |       |       |     6 |     4 ||    10
 Stab: Paralysed         |       |       |       |     1 |    17 ||    18
  Eat: Chunk             |       |     7 |     9 |    20 |    35 ||    71
       Ration            |       |       |     1 |     1 |     2 ||     4
Armor: Scale mail        |    35 |       |       |       |       ||    35
       Chain mail        |    31 |    83 |   185 |   278 |   487 ||  1064
Dodge: Dodged            |    17 |    38 |   111 |   215 |   346 ||   727
Block: Shield            |    61 |    62 |   232 |   466 |   594 ||  1415
